 Dungeon Crawl Stone Soup version 0.20-a0-269-g17f5411 (webtiles) character file.

1641 AlphabetPasta the Scratcher (level 8, -1/38 HPs)
             Began as a Felid Fighter on Dec 8, 2016.
             Was a Follower of Uskayaw.
             Slain by a hippogriff (4 damage)
             ... on level 7 of the Dungeon.
             The game lasted 00:24:11 (6582 turns).

AlphabetPasta the Scratcher (Felid Fighter)         Turns: 6582, Time: 00:24:13

Health: -1/38      AC:  2    Str: 14    XL:     8   Next: 66%
Magic:  11/12      EV: 22    Int: 10    God:    Uskayaw [*.....]
Gold:   379        SH:  0    Dex: 15    Spells: 9/10 levels left
                                        Lives:  0   Deaths: 2

rFire  . . .     SeeInvis +       - Unarmed
rCold  . . .     Gourm    .     (armour unavailable)
rNeg   . . .     Faith    .     (shield unavailable)
rPois  .         Spirit   .     (helmet unavailable)
rElec  .         Reflect  .     (cloak unavailable)
rCorr  .         Harm     .     (gloves unavailable)
MR     +....                    (boots unavailable)
Stlth  ++++......               t - amulet of rage
                                g - ring of flight
                                (no ring)

@: confusing touch (expiring), quick
A: no armour, no weapons or thrown items, stealth, claws 1, fangs 3, see
invisible, carnivore 3, speed 1, shaggy fur 2, slow metabolism 1, sharp paws
a: Stomp, Renounce Religion, Evoke Berserk Rage, Evoke Flight


You were on level 7 of the Dungeon.
You worshipped Uskayaw.
Uskayaw was noncommittal.
You were completely stuffed.

You visited 1 branch of the dungeon, and saw 7 of its levels.
You also visited: Sewer and Ossuary.

You collected 379 gold pieces.

Inventory:

Jewellery
 g - a ring of flight (right paw)
 t - an amulet of rage (around neck)
Scrolls
 i - 2 scrolls of teleportation
 j - 2 scrolls of fear
 n - 3 scrolls of remove curse
 o - a scroll of fog
 q - a scroll of blinking
Potions
 a - a potion of agility {unknown}
 c - 2 potions of curing
 d - a potion of heal wounds {unknown}
 e - 3 potions of flight
 f - a potion of cancellation {unknown}
 k - a potion of haste {unknown}
 l - a potion of degeneration {unknown}
 p - a potion of mutation {unknown}
 r - a potion of might
 s - 2 potions of brilliance
Books
 m - a book of Misfortune

   Spells                             Type                      Level
   a - Confusing Touch                Hexes                        1
   b - Confuse                        Hexes                        3
   c - Gell's Gravitas                Hexes/Translocation          3
   d - Petrify                        Transmutation/Earth          4
   e - Metabolic Englaciation         Hexes/Ice                    5
   f - Yara's Violent Unravelling     Hexes/Transmutation          5
Comestibles
 b - 5 meat rations
 h - a royal jelly


   Skills:
 + Level 5.7 Fighting
 + Level 7.0 Dodging
 + Level 6.2 Stealth
 * Level 7.8 Unarmed Combat
 + Level 1.8 Spellcasting
 + Level 3.0 Hexes
 + Level 4.2 Invocations
 + Level 2.5 Evocations


You had 9 spell levels left.
You knew the following spells:

 Your Spells              Type           Power        Failure   Level  Hunger
a - Confusing Touch       Hex            #.....       12%         1    ##.....


Dungeon Overview and Level Annotations

Branches:
Dungeon (7/15)             Temple (0/1) D:5

Altars:
Ashenzari
Hepliaklqana
Kikubaaqudgha
Trog
Uskayaw
Vehumet


Innate Abilities, Weirdness & Mutations

You cannot wear armour.
You are incapable of wielding weapons or throwing items.
Your paws allow you to move quietly. (Stealth)
You have sharp claws.
You have razor-sharp teeth.
You have supernaturally acute eyesight. (SInv)
You are carnivorous and can eat meat at any time.
You cover ground quickly.
You are covered in thick fur. (AC +2)
You have a slow metabolism.
Your sharp claws are effective at attacking unaware monsters.


Message History

The hippogriff bites you! The hippogriff completely misses you.
The hippogriff misses you.
You scratch the hippogriff but do no damage.
The hippogriff is moderately wounded.
The hippogriff seems less confused.
The adder bites you.
* * * LOW HITPOINT WARNING * * *
You are poisoned.
The adder poisons you! The hippogriff barely misses you. x2
The hippogriff claws you.
* * * LOW HITPOINT WARNING * * *
* * * LOW HITPOINT WARNING * * *
You feel sick.
You feel better.
Casting: Confusing Touch
Confirm with . or Enter, or press ? or * to list all spells.
Your paws begin to glow red.
The adder closely misses you. The hippogriff bites you!
* * * LOW HITPOINT WARNING * * *
The hippogriff pecks you.
You die...

.## ................. ..#####
#.....S.......... ......##
#.............. .......#
####............... ..(....##
####............. ........###
###.............. ..........##
##................
.......#...#####.S...............
....%..###...#..@H...............
......## ##......................
......# ###....................
.....## ##..####.............
.....# #..# ######<....... ....##
#..# ##....... ....## #######..#
#####... #....###.......### ##
###..............##


You could see a hippogriff and an adder.

Vanquished Creatures
  The ghost of AlphabetPasta the Chiller, an amateur OpIE (D:4)
  Purgy (Sewer)
  2 sky beasts
  2 ogres (D:4)
  A centaur (D:5)
  3 elf zombies (Ossuary)
  A big kobold (D:3)
  3 bullfrogs
  A scorpion (D:4)
  2 crimson imps
  A quasit (D:7)
  2 centaur zombies
  A jelly (D:6)
  An orc wizard (D:4)
  2 hounds
  5 orc priests
  A centaur skeleton (D:4)
  4 bullfrog skeletons
  A human zombie (Ossuary)
  3 iguanas
  4 worker ants
  A big kobold zombie (Ossuary)
  A hound zombie (Ossuary)
  3 mummies (Ossuary)
  5 adders
  An ooze (D:2)
  3 adder skeletons
  An adder zombie (Ossuary)
  A worm (D:2)
  4 dart slugs
  4 leopard geckos
  10 orcs
  A ball python (D:3)
  6 giant cockroaches
  7 goblins
  6 hobgoblins
  6 jackals
  2 quokkas
  A ball python skeleton (D:4)
  6 bats
  8 frilled lizards
  4 goblin zombies (Ossuary)
  5 jackal zombies (Ossuary)
  10 kobolds
  7 kobold zombies (Ossuary)
  An orc zombie (Ossuary)
  5 quokka zombies (Ossuary)
  8 rats
  6 rat zombies (Ossuary)
165 creatures vanquished.

Vanquished Creatures (collateral kills)
  A howler monkey skeleton (D:6)
1 creature vanquished.

Grand Total: 166 creatures vanquished

Notes
Turn   | Place    | Note
-------+----------+-------------------------------------------
     0 | D:1      | AlphabetPasta the Felid Fighter began the quest for the Orb.
     0 | D:1      | Reached XP level 1. HP: 10/10 MP: 2/2
   639 | D:1      | Reached skill level 1 in Stealth
   654 | D:1      | Reached XP level 2. HP: 13/14 MP: 3/3
  1068 | D:2      | Reached XP level 3. HP: 17/17 MP: 4/4
  1491 | D:2      | Found a faded altar of an unknown god.
  1497 | D:2      | Reached XP level 4. HP: 8/21 MP: 5/5
  1503 | D:2      | Became a worshipper of Uskayaw the Reveler
  1503 | D:2      | Reached * piety under Uskayaw
  1719 | D:2      | Reached ** piety under Uskayaw
  2030 | D:3      | Killed from afar by an orc priest
  2031 | D:3      | Reached XP level 3. HP: 0/18 MP: 4/4
  2059 | D:3      | Reached XP level 4. HP: 22/22 MP: 5/5
  2064 | D:3      | Reached *** piety under Uskayaw
  2071 | D:3      | Reached **** piety under Uskayaw
  2072 | D:3      | Reached skill level 5 in Unarmed Combat
  2072 | D:3      | Reached skill level 1 in Invocations
  2081 | D:3      | Noticed a big kobold
  2272 | D:3      | Killed a big kobold
  2272 | D:3      | Reached XP level 5. HP: 18/25 MP: 5/7
  2374 | D:3      | Found an ancient bone altar of Kikubaaqudgha.
  2618 | D:4      | Noticed an ogre
  2630 | D:4      | Killed an ogre
  2630 | D:4      | Reached skill level 5 in Dodging
  2630 | D:4      | Gained mutation: You are covered in thick fur. (AC +2) [Felid growth]
  2630 | D:4      | Reached XP level 6. HP: 16/28 MP: 4/8
  2787 | D:4      | Found a glowing drain.
  2806 | Sewer    | Entered a sewer
  2809 | Sewer    | Noticed Purgy
  2816 | Sewer    | Killed Purgy
  2981 | D:4      | Found a sand-covered staircase.
  2986 | Ossuary  | Entered an ossuary
  3050 | Ossuary  | Reached XP level 7. HP: 32/33 MP: 9/9
  3761 | D:4      | Noticed AlphabetPasta's ghost (amateur OpIE)
  3780 | D:4      | Killed AlphabetPasta's ghost
  3780 | D:4      | Reached skill level 5 in Fighting
  3780 | D:4      | Reached skill level 5 in Stealth
  3780 | D:4      | Reached XP level 8. HP: 11/37 MP: 11/11
  3926 | D:4      | Slain by an ogre
  3927 | D:4      | Reached XP level 7. HP: -1/33 MP: 10/10
  4178 | D:4      | Learned a level 1 spell: Confusing Touch
  4440 | D:4      | Reached skill level 1 in Hexes
  4440 | D:4      | Reached skill level 1 in Evocations
  4464 | D:5      | Entered Level 5 of the Dungeon
  4481 | D:5      | Found a staircase to the Ecumenical Temple.
  4633 | D:5      | Reached skill level 1 in Spellcasting
  4633 | D:5      | Reached XP level 8. HP: 31/37 MP: 11/11
  5504 | D:6      | Found a shattered altar of Ashenzari.
  5665 | D:6      | Found a radiant altar of Vehumet.
  5846 | D:6      | Found a hazy altar of Hepliaklqana.
  6322 | D:7      | Found a bloodstained altar of Trog.
  6557 | D:7      | Noticed a hippogriff
  6582 | D:7      | Slain by a hippogriff

Vault maps used:
D:1:      matt_arrival_los_fun, st_stairs_8, minmay_misc_feat_x,
          serial_bayou_pond_c
D:2:      chequers_ecumenical_altar_simple_redux, hex_tiny,
          kennysheep_another_room, minmay_misc_feat_tower, item_on_display_a
D:3:      kiku_gazebo_pond_becter
D:4:      first_bread, enter_ossuary_5, portal_sewer_entry_f, amethyst_killhole
D:6:      ashenzari_conservatory_becter, lemuel_doored_altar, basic_altar
D:7:      black_bear_nest_2, kennysheep_mini_moat, basic_altar
Sewer:    kennysheep_door_sewer
Ossuary:  minmay_ossuary_two_tombs

Skill      XL: |  1  2  3  4  5  6  7  8 |
---------------+-------------------------+-----
Stealth        | 1 2 3 4 5 6 |  6.2
Unarmed Combat | 5 6 7 |  7.8
Invocations    | 1 2 3 4 |  4.2
Fighting       | 4 5 |  5.7
Dodging        | 5 6 7 |  7.0
Hexes          | 2 3 |  3.0
Evocations     | 1 2 |  2.5
Spellcasting   | 1 |  1.8

Action                   |  1- 3 |  4- 6 |  7- 9 || total
-------------------------+-------+-------+-------++-------
Melee: Unarmed           |    84 |   144 |   334 ||   562
       Bite              |    12 |    12 |    54 ||    78
       Punch             |     1 |     3 |    10 ||    14
 Cast: Confusing Touch   |       |       |    27 ||    27
Invok: Stomp             |       |     1 |       ||     1
       Line Pass         |       |     1 |       ||     1
  Use: Scroll            |     4 |     6 |     5 ||    15
       Potion            |       |     1 |     3 ||     4
 Stab: Sleeping          |     4 |     9 |    12 ||    25
       Paralysed         |       |     3 |     4 ||     7
       Confused          |       |     1 |    13 ||    14
  Eat: Chunk             |    13 |     4 |    12 ||    29
Armor: Skin              |     2 |     4 |    11 ||    17
Dodge: Dodged            |    43 |   137 |   218 ||   398
